 Dungeon Crawl Stone Soup version 0.21.0-3-g78d12a8 (webtiles) character file.

389 letownia2 the Magician (level 6, 0/30 HPs)
             Began as a Vine Stalker Wizard on Jan 12, 2018.
             Slain by a kobold (2 damage)
             ... on level 5 of the Dungeon.
             The game lasted 00:08:19 (1927 turns).

letownia2 the Magician (Vine Stalker Wizard)        Turns: 1927, Time: 00:08:19

Health: 0/30       AC:  6    Str: 12    XL:     6   Next: 79%
Magic:  0/12       EV:  7    Int: 18    God:
Gold:   97         SH:  2    Dex: 12    Spells: 3/12 levels left

rFire    . . .     SeeInvis .   n - +2 dagger (drain)
rCold    . . .     Gourm    .   (no shield)
rNeg     . . .     Faith    .   e - +0 ring mail
rPois    .         Spirit   +   b - +0 hat
rElec    .         Reflect  +   (no cloak)
rCorr    .         Harm     .   (no gloves)
MR       .....                  k - +0 pair of boots
Stlth    +.........             r - +2 amulet of reflection
HPRegen  0.50/turn              f - -3 ring of evasion (curse)
MPRegen  0.13/turn              (no ring)

@: lethally poisoned (0 -> 0), very slightly contaminated, very slow
A: fangs 2, regeneration 1, magic shield, antimagic bite, no potion heal 3, rot
immunity
a: no special abilities


You were on level 5 of the Dungeon.
You were not hungry.

You visited 1 branch of the dungeon, and saw 5 of its levels.

You collected 97 gold pieces.

Inventory:

Hand Weapons
 i - a +0 dagger
 n - a +2 dagger of draining (weapon)
Armour
 a - a +0 robe
 b - a +0 hat (worn)
 e - a +0 ring mail (worn)
 k - a +0 pair of boots (worn)
 q - a +0 cloak
Jewellery
 f - a cursed -3 ring of evasion (left hand)
 r - a +2 amulet of reflection (around neck)
Scrolls
 h - a scroll of identify {unknown}
 m - 2 scrolls of teleportation
 p - 2 scrolls of remove curse {unknown}
Potions
 g - a potion of heal wounds {unknown}
 j - 2 potions of lignification {unknown}
 l - a potion of cancellation {unknown}
Books
 c - a book of Minor Magic

   Spells                             Type                      Level
   a - Magic Dart                     Conjuration                  1
   b - Blink                          Translocation                2
   c - Call Imp                       Summoning                    2
   d - Slow                           Hexes                        2
   e - Conjure Flame                  Conjuration/Fire             3
   f - Mephitic Cloud                 Conjuration/Poison/Air       3
Comestibles
 d - 5 rations
 o - 3 chunks of flesh


   Skills:
 + Level 2.0 Fighting
 + Level 1.1 Armour
 - Level 1.5 Dodging
 - Level 2.4 Stealth
 + Level 3.9 Spellcasting
 - Level 3.1 Conjurations
   Level 1.0 Summonings
 - Level 2.0 Translocations
 + Level 2.0 Fire Magic
 + Level 2.2 Air Magic
 + Level 2.0 Poison Magic


You had 3 spell levels left.
You knew the following spells:

 Your Spells              Type           Power        Failure   Level  Hunger
a - Magic Dart            Conj           ##..         10%         1    None
b - Blink                 Tloc           N/A          22%         2    ##.....
c - Conjure Flame         Conj/Fire      ##......     34%         3    ###....
e - Mephitic Cloud        Conj/Pois/Air  ##......     36%         3    ###....


Dungeon Overview and Level Annotations

Branches:
Dungeon (5/15)
 Temple: D:4-7

Altars:
Hepliaklqana

Annotations:
D:5 Eustachio, Pikel


Innate Abilities, Weirdness & Mutations

You have extremely sharp teeth.
Your natural rate of healing is unusually fast.
When hurt, damage is shared between your health and your magic reserves.
Your bite disrupts and absorbs the magic of your enemies.
Potions cannot restore your health.
You are immune to rotting.


Message History

The kobold splashes around in the water.
The worker ant bites you.
* * * LOW HITPOINT WARNING * * *
The river rat bites you.
* * * LOW HITPOINT WARNING * * *
Unknown command.
Unknown command.
You barely miss the worker ant.
The worker ant is severely wounded.
The kobold hits you but does no damage.
The worker ant bites you but does no damage.
The river rat bites you but does no damage.
Unknown command.
Unknown command.
Unknown command.
Your unstable footing causes you to fumble your attack.
You feel sick.
The worker ant bites you but does no damage.
The kobold hits you.
You die...

#....# #.#
#.....# #....#
#(######.....#
#...##
###≈≈........#
#...#
#≈≈≈.......#
#...#
#≈#........#
#...#
#≈≈p.......#
#...#
#w#K...#####
##### #Karr..#
#@#≈...#
#r#≈...#
≈≈#....#
####....#
#....# ######


You could see a slave, a worm, a worker ant, 2 river rats, 2 kobolds and a rat.

Vanquished Creatures
  A necrophage (D:5)
  A hound (D:4)
  2 jellies
  2 bullfrog skeletons
  An orc wizard (D:4)
  2 worker ants (D:4)
  A hound skeleton (D:4)
  3 adders
  2 oozes
  A worm (D:5)
  3 orcs (D:4)
  2 bats (D:3)
  5 giant cockroaches
  3 goblins
  2 hobgoblins (D:1)
  2 kobolds
  2 quokkas (D:4)
  A ball python (D:4)
  A frilled lizard (D:4)
  A jackal skeleton (D:5)
  3 rats
41 creatures vanquished.

Notes
Turn   | Place    | Note
-------+----------+-------------------------------------------
     0 | D:1      | letownia2 the Vine Stalker Wizard began the quest for the Orb.
     0 | D:1      | Reached XP level 1. HP: 9/9 MP: 5/5
   212 | D:1      | Reached XP level 2. HP: 12/13 MP: 0/7
   552 | D:3      | Reached XP level 3. HP: 11/16 MP: 2/8
   619 | D:3      | Learned a level 3 spell: Mephitic Cloud
   623 | D:3      | Learned a level 3 spell: Conjure Flame
   738 | D:4      | Reached skill level 1 in Fire Magic
   738 | D:4      | Reached skill level 1 in Poison Magic
   738 | D:4      | Gained mutation: Your natural rate of healing is unusually fast. [Vine Stalker growth]
   738 | D:4      | Reached XP level 4. HP: 20/21 MP: 4/9
   757 | D:4      | Learned a level 2 spell: Blink
   792 | D:4      | Noticed a phantom
  1040 | D:4      | Reached skill level 1 in Air Magic
  1141 | D:4      | Reached skill level 1 in Fighting
  1257 | D:4      | Reached XP level 5. HP: 21/25 MP: 6/11
  1450 | D:4      | Reached XP level 6. HP: 30/30 MP: 8/12
  1621 | D:5      | Entered Level 5 of the Dungeon
  1627 | D:5      | Found a hazy altar of Hepliaklqana.
  1702 | D:5      | Noticed a necrophage
  1743 | D:5      | Killed a necrophage
  1743 | D:5      | Reached skill level 1 in Armour
  1810 | D:5      | Noticed a slave
  1811 | D:5      | Noticed a slave
  1812 | D:5      | Noticed Pikel
  1813 | D:5      | Noticed a slave
  1815 | D:5      | Noticed a slave
  1847 | D:5      | Noticed Eustachio
  1927 | D:5      | Slain by a kobold

Skill      XL: |  1  2  3  4  5  6 |
---------------+-------------------+-----
Conjurations   | 2 3 |  3.1
Fire Magic     | 1 2 |  2.0
Poison Magic   | 1 2 |  2.0
Air Magic      | 1 2 |  2.2
Fighting       | 1 2 |  2.0
Translocations | 2 |  2.0
Armour         | 1 |  1.1
Dodging        | |  1.5
Stealth        | |  2.4
Spellcasting   | |  3.9
Summonings     | |  1.0

Action                   |  1- 3 |  4- 6 || total
-------------------------+-------+-------++-------
Melee: Unarmed           |    11 |       ||    11
       Bite              |     2 |    27 ||    29
       Dagger            |     4 |    97 ||   101
 Cast: Magic Dart        |    41 |    70 ||   111
       Conjure Flame     |     1 |     4 ||     5
       Mephitic Cloud    |       |     6 ||     6
  Use: Scroll            |       |     1 ||     1
 Stab: Confused          |       |     1 ||     1
  Eat: Chunk             |       |     4 ||     4
Armor: Ring mail         |     8 |    59 ||    67
Dodge: Dodged            |    12 |    44 ||    56
Block: Other             |       |     2 ||     2
